AoeStats
← Jackow

MegaRandom

510867308Analyzed
2v2 RM · 16h ago on Oct 2, 2026· 58m 32s· 4 players
Game mode
Random Map
Map size
Medium (4 player)
Population
200
Speed
Normal
Resources
Standard
Victory
Conquest
Starting age
Dark Age
Ending age
Imperial Age
RankedLock teamsTeams togetherTeam positionsShared explorationLock speedFull tech treeHidden civsTurbo modeCheats
Victory
Defeat
🇩🇪 Persians · Germany
1303
+16
🇩🇪 Aztecs · Germany
1259
+18
🇸🇪 Goths · Sweden
1321
-18
🇸🇪 Cumans · Sweden
1272
-16
Hardrada_1066
7:20 Loom
9:40 Feudal Age
10:25 Double-Bit Axe
10:29 Man-at-Arms
14:41 Scale Mail Armor
23:23 Horse Collar
26:58 Castle Age
25:05 Gold Mining
26:28 Arson
26:59 Long Swordsman
27:41 Squires
29:01 Town Watch
31:25 Wheelbarrow
30:40 Gambesons
32:37 Pikeman
35:44 Heavy Plow
35:56 Bow Saw
41:09 Chain Mail Armor
41:04 Forging
41:19 Hand Cart
41:44 Caravan
46:44 Imperial Age
45:40 Iron Casting
45:13 Padded Archer Armor
45:54 Ballistics
45:38 Fletching
47:24 Leather Archer Armor
48:28 Chemistry
48:33 Bodkin Arrow
48:06 Two-Handed Swordsman
48:10 Elite Skirmisher
49:06 Atlatl
49:13 Capped Ram
50:30 Fortified Wall
50:20 Champion
53:57 Bracer
54:40 Plate Mail Armor
55:36 Blast Furnace
57:57 Garland Wars
Jackow
7:34 Loom
9:27 Feudal Age
10:23 Double-Bit Axe
10:29 Horse Collar
19:48 Scale Barding Armor
20:10 Bloodlines
22:58 Castle Age
21:25 Forging
22:51 Bloodlines
24:51 Husbandry
25:02 Bow Saw
31:10 Chain Barding Armor
31:21 Town Watch
32:12 Wheelbarrow
33:15 Hand Cart
40:01 Light Cavalry
41:49 Caravan
44:58 Imperial Age
42:38 Gold Mining
42:45 Stone Mining
46:13 Plate Barding Armor
46:14 Iron Casting
46:29 Hussar
46:51 Pikeman
47:31 Squires
48:34 Two-Man Saw
48:06 Ballistics
49:42 Blast Furnace
48:33 Fletching
48:49 Arson
49:07 Scale Mail Armor
51:49 Conscription
51:43 Citadels
52:20 Heavy Plow
54:49 Cavalier
56:36 Chemistry
55:50 Masonry
ginkungen
7:29 Loom
9:34 Feudal Age
9:37 Man-at-Arms
10:14 Double-Bit Axe
12:32 Scale Mail Armor
17:49 Town Watch
26:17 Castle Age
28:34 Forging
28:39 Chain Mail Armor
27:48 Long Swordsman
28:28 Squires
30:56 Iron Casting
31:55 Pikeman
44:20 Horse Collar
44:32 Gold Mining
44:54 Bow Saw
49:35 Imperial Age
47:45 Fletching
49:53 Two-Handed Swordsman
50:31 Bodkin Arrow
54:01 Blast Furnace
55:25 Wheelbarrow
po_v1ft!
6:59 Loom
9:29 Feudal Age
10:29 Double-Bit Axe
21:23 Man-at-Arms
29:14 Castle Age
27:12 Horse Collar
28:14 Scale Barding Armor
29:06 Bloodlines
29:07 Forging
30:16 Wheelbarrow
36:43 Chain Barding Armor
37:46 Town Watch
40:13 Iron Casting
45:49 Imperial Age
45:18 Bow Saw
45:16 Gold Mining
45:17 Stone Mining
46:05 Heavy Plow
46:53 Caravan
47:24 Conscription
46:28 Elite Steppe Lancer
48:10 Blast Furnace
Connection lost

Rejoining the realm…

Still unreachable

The connection could not be restored.

Session expired

The server has moved on; the page needs a fresh start.